Map: [ESL] Dragon Scales

Players

Cyan - Winner!

  • Race: Protoss Protoss
  • Spawn Location: 5:00

Nanami

  • Race: Protoss Protoss
  • Spawn Location: 11:00

Event: ESL SC2 Masters 2023 Summer (Regionals)

VOD

Have the link to the VOD?

Description

Time

  • Played on: May 5, 2023, 7:58 a.m.
  • Length: 9:19

All games in this series

Show
View Real Time Build Order
Export as new Build Order

Cyan Protoss - Winner!

Build Orders: 1 Gate Expand 

Get SALT Encoding   

  12  0:00  Probe  
  13  0:12  Probe  
  14  0:17  Pylon  
  14  0:24  Probe  
  15  0:36  Probe  
  15  0:39  Gateway  
  16  0:48  Probe  
  17  1:09  Nexus  
  17  1:13  Probe  
  17  1:17  Assimilator  
  18  1:27  Cybernetics Core  
  18  1:29  Probe (Chrono Boost)  
  19  1:39  Probe (Chrono Boost)  
  20  1:41  Pylon  
  20  1:44  Probe (Chrono Boost)  
  21  1:52  Assimilator  
  21  1:56  Probe (Chrono Boost)  
  22  2:03  Probe (Chrono Boost), Adept (Chrono Boost)  
  22  2:06  Warp Gate (Chrono Boost)  
  25  2:10  Probe  
  26  2:21  Probe  
  26  2:22  Probe  
  28  2:25  Stalker  
  28  2:29  Pylon  
  30  2:33  Probe  
  30  2:36  Probe  
  32  2:46  Gateway  
  32  2:47  Probe  
  33  2:52  Probe  
  34  2:58  Stalker  
  34  3:00  Probe  
  37  3:07  Robotics Facility  
  37  3:10  Probe  
  38  3:16  Probe  
  38  3:18  Gateway  
  39  3:23  Probe  
  40  3:28  Probe  
  40  3:31  Pylon  
  39  3:35  Probe  
  39  3:41  Probe  
  41  3:43  Pylon  
  41  3:47  Probe, Sentry  
  44  3:53  Probe, Immortal (Chrono Boost)  
  45  3:57  Pylon  
  45  3:59  Probe  
  50  4:05  Probe  
  51  4:10  Pylon  
  51  4:11  Probe, Stalker, Assimilator  
  51  4:14  Stalker  
  56  4:17  Probe  
  56  4:22  Immortal (Chrono Boost)  
  57  4:30  Pylon  
  61  4:44  Stalker x2  
  61  4:53  Gateway  
  61  4:55  Twilight Council  
  61  4:56  Warp Prism (Chrono Boost)  
  61  4:58  Forge  
  63  5:03  Probe  
  64  5:09  Adept x2  
  64  5:12  Gateway  
  68  5:18  Protoss Ground Weapons Level 1  
  68  5:27  Observer  
  69  5:29  Nexus, Blink (Chrono Boost)  
  69  5:31  Pylon  
  69  5:51  Stalker x3  
  69  5:56  Probe  
  76  5:58  Shield Battery  
  76  6:00  Pylon  
  76  6:13  Stalker  
  76  6:15  Stalker x2  
  76  6:17  Stalker  
  80  6:27  Probe  
  80  6:28  Probe, Immortal  
  84  6:39  Probe, Stalker x2  
  79  6:42  Adept  
  79  6:44  Adept  
  83  6:48  Probe  
  83  6:49  Probe  
  83  6:51  Probe  
  86  7:00  Probe  
  87  7:07  Gateway x2, Observer  
  87  7:08  Stalker x2  
  92  7:12  Pylon  
  89  7:16  Stalker  
  89  7:19  Probe  
  89  7:21  Probe  
  87  7:23  Pylon  
  87  7:27  Probe  
  88  7:35  Warp Prism (Chrono Boost)  
  88  7:36  Stalker x2  
  94  7:43  Adept x2  
  98  7:51  Probe x3  
  101  7:53  Assimilator  
  101  8:00  Stalker  
  101  8:01  Stalker  
  101  8:03  Probe x2  
  107  8:17  Stalker x2  
  111  8:25  Stalker x2  
  111  8:26  Probe  
  116  8:31  Pylon  
  116  8:32  Pylon  
  116  8:39  Nexus  
  116  8:41  Pylon  
  116  8:44  Stalker x3  
  116  8:50  Stalker x2  
  118  8:59  Stalker  
  118  9:07  Probe  
  113  9:11  Stalker x3  
Show
View Real Time Build Order
Export as new Build Order

Nanami Protoss 

Build Orders: 1 Gate Expand, Blink Stalkers 

Get SALT Encoding   

  12  0:00  Probe  
  13  0:12  Probe  
  14  0:20  Pylon  
  14  0:24  Probe  
  15  0:38  Probe (Chrono Boost)  
  15  0:41  Gateway  
  16  0:47  Probe (Chrono Boost)  
  16  0:48  Assimilator  
  17  0:52  Probe (Chrono Boost)  
  18  1:04  Probe  
  19  1:16  Probe  
  20  1:23  Nexus  
  20  1:31  Cybernetics Core  
  20  1:34  Probe  
  20  1:38  Assimilator  
  21  1:46  Probe  
  22  1:51  Pylon  
  22  1:59  Probe (Chrono Boost)  
  23  2:07  Adept (Chrono Boost)  
  23  2:11  Probe (Chrono Boost), Warp Gate  
  26  2:16  Probe (Chrono Boost)  
  27  2:23  Twilight Council  
  27  2:27  Probe  
  28  2:30  Stalker (Chrono Boost)  
  28  2:36  Probe  
  31  2:43  Probe  
  32  2:51  Stalker (Chrono Boost)  
  32  2:55  Blink (Chrono Boost), Gateway  
  35  3:05  Probe  
  34  3:07  Probe  
  35  3:15  Gateway  
  35  3:18  Gateway  
  35  3:19  Probe  
  36  3:27  Probe  
  36  3:31  Probe  
  38  3:38  Pylon  
  38  3:39  Probe  
  39  3:43  Probe  
  40  3:51  Probe  
  40  3:55  Probe  
  42  4:01  Stalker  
  44  4:07  Probe  
  44  4:09  Nexus  
  45  4:10  Stalker  
  45  4:12  Probe  
  45  4:16  Stalker  
  50  4:19  Pylon  
  50  4:20  Probe  
  51  4:24  Probe  
  51  4:28  Stalker  
  54  4:37  Probe, Pylon  
  55  4:41  Stalker x2  
  55  4:43  Probe  
  56  4:53  Stalker  
  56  4:54  Probe  
  56  4:56  Gateway  
  56  4:58  Probe, Assimilator  
  60  5:05  Stalker  
  60  5:06  Stalker, Shield Battery  
  64  5:08  Probe  
  64  5:10  Probe  
  66  5:20  Probe  
  67  5:21  Probe  
  67  5:22  Probe  
  67  5:25  Stalker  
  71  5:29  Stalker  
  71  5:32  Stalker  
  75  5:39  Probe x3  
  77  5:50  Stalker x2  
  77  5:53  Probe  
  77  5:54  Stalker  
  77  5:55  Probe  
  85  6:05  Pylon  
  85  6:08  Probe  
  83  6:15  Stalker  
  83  6:16  Stalker  
  83  6:17  Probe  
  82  6:18  Probe  
  82  6:21  Probe (Chrono Boost)  
  82  6:25  Stalker  
  85  6:28  Forge  
  85  6:29  Probe (Chrono Boost)  
  85  6:31  Probe (Chrono Boost), Stalker  
  87  6:35  Robotics Facility  
  87  6:39  Probe (Chrono Boost)  
  74  6:40  Probe (Chrono Boost)  
  74  6:41  Probe (Chrono Boost)  
  74  6:43  Adept x2  
  74  6:45  Probe (Chrono Boost)  
  79  6:47  Probe  
  79  6:49  Probe  
  79  6:52  Gateway  
  81  6:54  Gateway  
  81  6:56  Probe  
  81  6:59  Pylon, Gateway  
  82  7:01  Gateway  
  82  7:04  Zealot  
  82  7:05  Probe  
  82  7:06  Pylon  
  85  7:12  Zealot x2, Stalker  
  85  7:15  Protoss Ground Weapons Level 1 (Chrono Boost)  
  81  7:17  Probe  
  81  7:18  Probe  
  81  7:19  Probe  
  78  7:22  Pylon  
  78  7:24  Shield Battery  
  79  7:30  Probe x2  
  79  7:31  Probe  
  79  7:36  Stalker x4  
  79  7:45  Shield Battery  
  79  7:46  Stalker  
  79  7:47  Assimilator  
  79  7:48  Zealot  
  79  7:50  Charge (Chrono Boost)  
  83  7:55  Probe x3  
  86  8:03  Stalker  
  86  8:05  Nexus, Zealot x3  
  91  8:13  Stalker  
  91  8:17  Zealot x3  
  98  8:21  Pylon  
  98  8:25  Probe  
  98  8:26  Probe  
  100  8:31  Zealot x3  
  105  8:37  Stalker  
  93  8:42  Stalker  
  93  8:43  Stalker x3  
  91  8:56  Stalker x3  
  91  9:02  Zealot  
  91  9:07  Zealot x3  
  91  9:09  Cybernetics Core  
  93  9:13  Stalker  
Tags
 
Add a new tag
Caveats
  • Supply blocks, unpowered buildings, or Contaminate may cause inaccurate times.
  • Supply counts are checked every 10 seconds.